 Dungeon Crawl Stone Soup version 0.28-a0-178-ga708605c5b (webtiles) character file.

Game seed: 3890092414043019273

44 siradein the Chucker (level 3, 0/36 HPs)
             Began as an Ogre Hunter on Aug 18, 2021.
             Succumbed to an adder's poison
             ... on level 2 of the Dungeon.
             The game lasted 00:05:06 (2578 turns).

siradein the Chucker (Ogre Hunter)                  Turns: 2578, Time: 00:05:06

Health: 0/36       AC:  3    Str: 17    XL:     3   Next: 60%
Magic:  3/3        EV:  9    Int: 12    God:
Gold:   31         SH:  0    Dex:  9    Spells: 2/2 levels left

rFire   . . .      SeeInvis .   a - +0 mace
rCold   . . .      Faith    .   (no shield)
rNeg    . . .      Spirit   .   b - +0 robe
rPois   .          Reflect  .   (helmet restricted)
rElec   .          Harm     .   (no cloak)
rCorr   .          Rampage  .   (gloves unavailable)
Will    .....                   (boots unavailable)
Stlth   +.........              (no amulet)
HPRegen 0.12/turn               (no ring)
MPRegen 0.08/turn               (no ring)

@: lethally poisoned (0 -> -1)
A: large, unfitting armour, tough skin 1
a: no special abilities


You were on level 2 of the Dungeon.
You visited 1 branch of the dungeon, and saw 2 of its levels.

You collected 31 gold pieces.

Inventory:

Hand Weapons
 a - a +0 mace (weapon)
Missiles
 c - 5 large rocks
 d - 2 throwing nets
 g - 68 stones (quivered)
Armour
 b - a +0 robe (worn)
Scrolls
 h - a scroll of acquirement {unknown}
 i - a scroll of amnesia {unknown}
 j - a scroll of summoning {unknown}
Potions
 e - a potion of attraction {unknown}
 f - a potion of lignification {unknown}
 k - a potion of flight {unknown}


   Skills:
 - Level 2.6 Fighting
 + Level 0.4 Maces & Flails
 + Level 5.1 Throwing
 - Level 1.7 Dodging
 - Level 0.6 Stealth


You had 2 spell levels left.
You didn't know any spells.
Your spell library was empty.

Dungeon Overview and Level Annotations

Branches:
Dungeon (2/15)

Altars:

Annotations:
D:2 Robin


Innate Abilities, Weirdness & Mutations

You are too large for most types of armour.
You have tough skin. (AC +1)


Message History

You barely miss the adder.
The adder is lightly wounded.
The adder bites you. x2
You are poisoned.
The adder poisons you!
You are too injured to fight recklessly!
You are too injured to fight recklessly!
You are too injured to fight recklessly!
You hit the adder.
The adder is moderately wounded.
You feel sick. The adder closely misses you. The adder barely misses you.
You hit the adder.
The adder is heavily wounded.
You feel sick. The adder bites you.
* * * LOW HITPOINT WARNING * * *
You are more poisoned.
The adder poisons you! The adder barely misses you.
You closely miss the adder.
The adder is heavily wounded.
* * * LOW HITPOINT WARNING * * *
You feel sick. The adder closely misses you.
You completely miss the adder.
The adder is heavily wounded.
* * * LOW HITPOINT WARNING * * *
You feel sick. The adder bites you.
* * * LOW HITPOINT WARNING * * *
The adder bites you.
* * * LOW HITPOINT WARNING * * *
You closely miss the adder.
The adder is heavily wounded.
* * * LOW HITPOINT WARNING * * *
You feel sick. The adder bites you but does no damage.
The adder barely misses you.
You closely miss the adder.
The adder is heavily wounded.
* * * LOW HITPOINT WARNING * * *
You feel sick. The adder closely misses you. x2
You barely miss the adder.
The adder is heavily wounded.
You die...

#.# #..# ### #.#.# ....
..# #.#.# #..#. #.# #.#.#
. ... #.# #.#.# ...... #.#
#.#.# ....#.#
####.######.#.##
.......####..............#
....
........S@..#.######.....#
... ## ...#...######.#
#..##.# .P... ##.# #.#
#..##.# ≈≈♣. ## #. #.#
#..##.# ≈≈≈≈ ... .
...#####..##.# ≈≈♣ P.# ##
........).##.# ≈≈♣♣..#
...#####.###.# )♣≈..#
##... #.....# ....P#
#.....#


You could see an adder.

Vanquished Creatures
  A dart slug (D:1)
  7 bats (D:1)
  2 endoplasms (D:1)
  4 giant cockroaches
  8 goblins
  2 hobgoblins (D:1)
  A quokka (D:2)
  A ball python (D:1)
  3 frilled lizards (D:1)
  6 kobolds
  A rat (D:2)
36 creatures vanquished.

Vanquished Creatures (others)
  3 plants (D:2)
3 creatures vanquished.

Grand Total: 39 creatures vanquished

Notes
Turn   | Place    | Note
-------+----------+-------------------------------------------
     0 | D:1      | siradein the Ogre Hunter began the quest for the Orb.
     0 | D:1      | Reached XP level 1. HP: 22/22 MP: 1/1
   411 | D:1      | Reached XP level 2. HP: 29/29 MP: 2/2
  1024 | D:1      | Found a faded altar of an unknown god.
  1079 | D:1      | Reached XP level 3. HP: 33/36 MP: 3/3
  1564 | D:2      | Reached skill level 5 in Throwing
  2112 | D:2      | Noticed Robin
  2182 | D:1      | HP: 1/36 [goblin[Robin] (2)]
  2577 | D:2      | HP: 1/36 [poisoned by an adder]
  2578 | D:2      | Succumbed to an adder's poison

Illustrated notes

Levels and vault maps discovered:
D:1:      evilmike_arrival_hilbert_curve, layout_basic, basic_ecumenical_altar,
          nrook_uturn
D:2:      layout_loops_ring, serial_bayou_pond_a, eino_tiny_chamber, uniq_robin

Skill      XL: |  1  2  3 |
---------------+----------+-----
Throwing       | 5 |  5.1
Fighting       | |  2.6
Maces & Flails | |  0.4
Dodging        | |  1.7
Stealth        | |  0.6

Action                   || total
-------------------------++-------
Melee: Short sword       ||   102
       Mace              ||    38
       Whip              ||    30
Throw: Stone             ||     2
 Stab: Sleeping          ||     1
Armor: Robe              ||    92
Dodge: Dodged            ||   118

Table legend: (Time is in decaauts)
 A = Elapsed time spent in this place.
 B = Non-inter-level travel time spent in this place.
 C = Inter-level travel time spent in this place.
 D = Time resting spent in this place.
 E = Time spent auto-exploring this place.
 F = Levels seen in this place.
 G = Mean time per level.
                   A        B        C        D        E       F      G
               +--------+--------+--------+--------+--------+-----+--------+
         Total |   2607 |   2530 |     77 |    416 |   1588 |   2 | 1303.5 |
       Dungeon |   2607 |   2530 |     77 |    416 |   1588 |   2 | 1303.5 |
               +--------+--------+--------+--------+--------+-----+--------+

Top non-repeatable levels by time:
     D:1: 1859 daAuts
     D:2: 748 daAuts
